TOP OF THE 1ST |
Daytona Beach Islanders batting - Pitching for Tampa Pirates : RHP Andre Patillo
|
Pitching: RHP Andre Patillo
|
|
Batting: SHB Michael Frierson
|
0-0: Ball 1-0: Foul Ball, location: 2F 1-1: Ball 2-1: Ground out U3 (Groundball, 34, EV 103.1 MPH)
|
Batting: RHB Kalvin Adams
|
0-0: Ball 1-0: Called Strike 1-1: Ball 2-1: Foul Ball, location: 2F 2-2: SOLO HOME RUN (Flyball, 78XD, EV 101.3 MPH), Distance : 433 ft
|
Batting: LHB Benny Distefano
|
0-0: Foul Ball, location: 2F 0-1: Ball 1-1: Called Strike 1-2: Foul Ball, location: 2F 1-2: Ball 2-2: SINGLE (Groundball, 4MD, EV 93.8 MPH)
|
Batting: RHB Douglas Wabeke
|
0-0: Ball 1-0: Swinging Strike 1-1: Swinging Strike 1-2: Foul Ball, location: 2F 1-2: Ball 2-2: Ball 3-2: Base on Balls Benny Distefano to second
|
Batting: RHB Jeff Rutledge
|
0-0: Swinging Strike 0-1: Called Strike 0-2: Ball 1-2: Strikes out swinging
|
Batting: RHB Ronald Lindberg
|
0-0: Fielders Choice at 2nd, 6-4 (Groundball, 6, EV 81.9 MPH)
|
Top of the 1st over - 1 run, 2 hits, 0 errors, 2 left on base; Daytona Beach 1 - Tampa 0 |
BOTTOM OF THE 1ST |
Tampa Pirates batting - Pitching for Daytona Beach Islanders : RHP Michael Moore
|
Pitching: RHP Michael Moore
|
|
Batting: SHB Craig Smajstrla
|
0-0: Ball 1-0: Called Strike 1-1: Foul Ball, location: 2F 1-2: SINGLE (Groundball, P, EV 82.5 MPH) (infield hit)
|
Batting: LHB David Frederick
|
0-0: Ball 1-0: Ball 2-0: Ball 3-0: Called Strike 3-1: Base on Balls Craig Smajstrla to second
|
Batting: LHB Pedro Nunez
|
0-0: Ball 1-0: Foul Ball, location: 2F 1-1: Ball 2-1: Ball Craig Smajstrla steals 3rd, throwing error, E2 Craig Smajstrla scores David Frederick to third 3-1: Foul Ball, location: 2F 3-2: Foul Ball, location: 2F 3-2: Fly out, F9 (Flyball, 9S, EV 81.9 MPH)
|
Batting: RHB Gregory Norman
|
0-0: Swinging Strike 0-1: Ball 1-1: Ball 2-1: Ball 3-1: Fly out, F9 (Flyball, 9LS, EV 91.9 MPH)
|
Batting: LHB Alfredo Rodriguez
|
0-0: Called Strike 0-1: Ball 1-1: SINGLE (Groundball, 25, EV 66.9 MPH) (infield hit) David Frederick scores
|
Batting: RHB Dale Eiler
|
0-0: Ball 1-0: Called Strike 1-1: Fielders Choice at 2nd, 5-4 (Groundball, 5, EV 89.4 MPH)
|
Bottom of the 1st over - 2 runs, 2 hits, 1 error, 1 left on base; Daytona Beach 1 - Tampa 2 |
TOP OF THE 2ND |
Daytona Beach Islanders batting - Pitching for Tampa Pirates : RHP Andre Patillo
|
Batting: RHB Jeffrey Coker
|
0-0: Ball 1-0: Called Strike 1-1: Called Strike 1-2: Ball 2-2: Strikes out swinging
|
Batting: RHB Robert Whitfield
|
0-0: Ball 1-0: SINGLE (Groundball, 6MD, EV 99.4 MPH)
|
Batting: RHB Dale Jones
|
0-0: Called Strike 0-1: Foul Ball, location: 2F 0-2: Ball 1-2: Foul Ball, location: 2F 1-2: Foul Ball, location: 2F 1-2: Strikes out swinging
|
Batting: SHB Michael Frierson
|
0-0: Called Strike Robert Whitfield steals 2nd base 0-1: Ball 1-1: Foul Ball, location: 2F 1-2: Ball 2-2: Ball 3-2: Base on Balls
|
Batting: RHB Kalvin Adams
|
0-0: Swinging Strike 0-1: Foul Ball, location: 2F 0-2: Ball 1-2: Ball 2-2: Strikes out looking
|
Top of the 2nd over - 0 runs, 1 hit, 0 errors, 2 left on base; Daytona Beach 1 - Tampa 2 |
BOTTOM OF THE 2ND |
Tampa Pirates batting - Pitching for Daytona Beach Islanders : RHP Michael Moore
|
Batting: RHB Erwin Bryant
|
0-0: Ball 1-0: Ground out 5-3 (Groundball, 56, EV 83.1 MPH)
|
Batting: RHB Steven Young
|
0-0: Foul Ball, location: 2F 0-1: Ball 1-1: Swinging Strike 1-2: Ball 2-2: Foul Ball, location: 2F 2-2: Ground out 6-3 (Groundball, 6, EV 81.3 MPH)
|
Batting: RHB Roy Dixon
|
0-0: Ball 1-0: Foul Ball, location: 2F 1-1: Fly out, F7 (Flyball, 78S, EV 92.5 MPH)
|
Bottom of the 2nd over - 0 runs, 0 hits, 0 errors, 0 left on base; Daytona Beach 1 - Tampa 2 |
TOP OF THE 3RD |
Daytona Beach Islanders batting - Pitching for Tampa Pirates : RHP Andre Patillo
|
Batting: LHB Benny Distefano
|
0-0: Called Strike 0-1: TRIPLE (Line Drive, 8RXD, EV 97.5 MPH)
|
Batting: RHB Douglas Wabeke
|
0-0: Called Strike 0-1: Ball 1-1: Foul Ball, location: 2F 1-2: Ground out 6-3 (Groundball, 6, EV 85.6 MPH) Benny Distefano scores
|
Batting: RHB Jeff Rutledge
|
0-0: Ball 1-0: Foul Ball, location: 2F 1-1: Ball 2-1: Foul Ball, location: 2F 2-2: Ball 3-2: Base on Balls
|
Batting: RHB Ronald Lindberg
|
0-0: Ball 1-0: Swinging Strike 1-1: Swinging Strike 1-2: Foul Ball, location: 2F 1-2: Foul Ball, location: 2F 1-2: Ball 2-2: Ball 3-2: Base on Balls Jeff Rutledge to second
|
Batting: RHB Jeffrey Coker
|
0-0: Ball 1-0: Foul Ball, location: 2F 1-1: Swinging Strike 1-2: Strikes out swinging
|
Batting: RHB Robert Whitfield
|
0-0: Called Strike 0-1: Ball 1-1: Called Strike 1-2: Ball 2-2: Ball 3-2: Base on Balls Jeff Rutledge to third Ronald Lindberg to second
|
Batting: RHB Dale Jones
|
0-0: Called Strike 0-1: Called Strike 0-2: Strikes out swinging
|
Top of the 3rd over - 1 run, 1 hit, 0 errors, 3 left on base; Daytona Beach 2 - Tampa 2 |
BOTTOM OF THE 3RD |
Tampa Pirates batting - Pitching for Daytona Beach Islanders : RHP Michael Moore
|
Batting: SHB Craig Smajstrla
|
0-0: Swinging Strike 0-1: Ball 1-1: Ball 2-1: Ball 3-1: Called Strike 3-2: Base on Balls
|
Batting: LHB David Frederick
|
0-0: Ball 1-0: Swinging Strike 1-1: Swinging Strike 1-2: Fly out, F7 (Line Drive, 7, EV 93.1 MPH)
|
Batting: LHB Pedro Nunez
|
0-0: Ball Craig Smajstrla steals 2nd, throwing error, E2 Craig Smajstrla to third 1-0: Swinging Strike 1-1: Ball 2-1: Called Strike 2-2: Fly out, F5 (Popup, 5, EV 68.8 MPH)
|
Batting: RHB Gregory Norman
|
0-0: Foul Ball, location: 2F 0-1: Ground out 5-3 (Groundball, 5, EV 97.5 MPH)
|
Bottom of the 3rd over - 0 runs, 0 hits, 1 error, 1 left on base; Daytona Beach 2 - Tampa 2 |
TOP OF THE 4TH |
Daytona Beach Islanders batting - Pitching for Tampa Pirates : RHP Andre Patillo
|
Batting: SHB Michael Frierson
|
0-0: Ball 1-0: Foul Ball, location: 2F 1-1: Swinging Strike 1-2: Foul Ball, location: 2F 1-2: Ball 2-2: Foul Ball, location: 2F 2-2: Ball 3-2: Base on Balls
|
Batting: RHB Kalvin Adams
|
0-0: Called Strike 0-1: Grounds into double play, 2-6-3 (Groundball, 2R, EV 68.1 MPH)
|
Batting: LHB Benny Distefano
|
0-0: Ball 1-0: Called Strike 1-1: Ball 2-1: Ground out 1-4-3 (Groundball, 15S, EV 102.5 MPH)
|
Top of the 4th over - 0 runs, 0 hits, 0 errors, 0 left on base; Daytona Beach 2 - Tampa 2 |
BOTTOM OF THE 4TH |
Tampa Pirates batting - Pitching for Daytona Beach Islanders : RHP Michael Moore
|
Batting: LHB Alfredo Rodriguez
|
0-0: Called Strike 0-1: Ball 1-1: Ball 2-1: Called Strike 2-2: Foul Ball, location: 2F 2-2: SINGLE (Groundball, 34D, EV 103.1 MPH)
|
Batting: RHB Dale Eiler
|
0-0: Called Strike 0-1: Foul Ball, location: 2F 0-2: Grounds into double play, 5-4-3 (Groundball, 56, EV 78.8 MPH)
|
Batting: RHB Erwin Bryant
|
0-0: Ball 1-0: Swinging Strike 1-1: DOUBLE (Line Drive, 9LM, EV 95.6 MPH)
|
Batting: RHB Steven Young
|
0-0: Ball 1-0: Ball 2-0: Called Strike 2-1: Ball 3-1: Fly out, F5 (Popup, 5L, EV 66.9 MPH)
|
Bottom of the 4th over - 0 runs, 2 hits, 0 errors, 1 left on base; Daytona Beach 2 - Tampa 2 |
TOP OF THE 5TH |
Daytona Beach Islanders batting - Pitching for Tampa Pirates : RHP Andre Patillo
|
Batting: RHB Douglas Wabeke
|
0-0: Ball 1-0: Ball 2-0: Ball 3-0: Base on Balls
|
Batting: RHB Jeff Rutledge
|
0-0: Ball 1-0: Foul Ball, location: 2F 1-1: Ball 2-1: SINGLE (Flyball, 8RS, EV 85.0 MPH) Douglas Wabeke to second
|
Batting: RHB Ronald Lindberg
|
0-0: Ball 1-0: Bunt missed! 1-1: Bunted foul 1-2: Fly out, F7 (Flyball, 7, EV 80.6 MPH)
|
Batting: RHB Jeffrey Coker
|
0-0: Called Strike 0-1: Ball 1-1: Foul Ball, location: 2F 1-2: Foul Ball, location: 2F 1-2: Fielders Choice at 2nd, 6-4 (Groundball, 6, EV 101.9 MPH) Douglas Wabeke to third
|
Batting: RHB Robert Whitfield
|
0-0: Called Strike Jeffrey Coker steals 2nd base 0-1: Ball 1-1: Ball 2-1: Foul Ball, location: 2F 2-2: Foul Ball, location: 2F 2-2: Strikes out swinging
|
Top of the 5th over - 0 runs, 1 hit, 0 errors, 2 left on base; Daytona Beach 2 - Tampa 2 |
BOTTOM OF THE 5TH |
Tampa Pirates batting - Pitching for Daytona Beach Islanders : RHP Michael Moore
|
Batting: RHB Roy Dixon
|
0-0: Ball 1-0: Called Strike 1-1: Ball 2-1: Fly out, F3 (Popup, 3F, EV 71.9 MPH)
|
Batting: SHB Craig Smajstrla
|
0-0: Called Strike 0-1: Foul Ball, location: 2F 0-2: Ball 1-2: Ball 2-2: Foul Ball, location: 2F 2-2: Fly out, F9 (Line Drive, 9, EV 88.8 MPH)
|
Batting: LHB David Frederick
|
0-0: Ground out 6-3 (Groundball, 6S, EV 61.9 MPH)
|
Bottom of the 5th over - 0 runs, 0 hits, 0 errors, 0 left on base; Daytona Beach 2 - Tampa 2 |
TOP OF THE 6TH |
Daytona Beach Islanders batting - Pitching for Tampa Pirates : RHP Andre Patillo
|
Batting: RHB Dale Jones
|
0-0: Ball 1-0: Ball 2-0: Ball 3-0: Called Strike 3-1: Swinging Strike 3-2: Fly out, F9 (Flyball, 9D, EV 96.9 MPH)
|
Batting: SHB Michael Frierson
|
0-0: Called Strike 0-1: Foul Ball, location: 2F 0-2: Strikes out swinging
|
Batting: RHB Kalvin Adams
|
0-0: Ball 1-0: Reached on error, E5 (Groundball, 56, EV 88.8 MPH)
|
Batting: LHB Benny Distefano
|
0-0: Called Strike 0-1: Ball 1-1: Ball 2-1: Called Strike 2-2: Fly out, F8 (Flyball, 8LXD, EV 88.8 MPH)
|
Top of the 6th over - 0 runs, 0 hits, 1 error, 1 left on base; Daytona Beach 2 - Tampa 2 |
BOTTOM OF THE 6TH |
Tampa Pirates batting - Pitching for Daytona Beach Islanders : RHP Michael Moore
|
Batting: LHB Pedro Nunez
|
0-0: Ball 1-0: Foul Ball, location: 2F 1-1: Fly out, F1 (Line Drive, P, EV 66.9 MPH)
|
Batting: RHB Gregory Norman
|
0-0: Foul Ball, location: 2F 0-1: Fly out, F9 (Flyball, 9S, EV 91.9 MPH)
|
Batting: LHB Alfredo Rodriguez
|
0-0: Ball 1-0: Ball 2-0: Ball 3-0: Called Strike 3-1: Base on Balls
|
Batting: RHB Dale Eiler
|
0-0: Ball 1-0: Called Strike 1-1: Fielders Choice at 2nd, 5-4 (Groundball, 56, EV 85.0 MPH)
|
Bottom of the 6th over - 0 runs, 0 hits, 0 errors, 1 left on base; Daytona Beach 2 - Tampa 2 |
TOP OF THE 7TH |
Daytona Beach Islanders batting - Pitching for Tampa Pirates : RHP Andre Patillo
|
Batting: RHB Douglas Wabeke
|
0-0: Called Strike 0-1: Called Strike 0-2: Ball 1-2: Ball 2-2: Foul Ball, location: 2F 2-2: Fly out, F8 (Line Drive, 8RD, EV 91.3 MPH)
|
Batting: RHB Jeff Rutledge
|
0-0: Called Strike 0-1: Ball 1-1: Ball 2-1: Ball 3-1: Ground out 6-3 (Groundball, 6, EV 85.6 MPH)
|
Batting: RHB Ronald Lindberg
|
0-0: Called Strike 0-1: Foul Ball, location: 2F 0-2: Strikes out looking
|
Top of the 7th over - 0 runs, 0 hits, 0 errors, 0 left on base; Daytona Beach 2 - Tampa 2 |
BOTTOM OF THE 7TH |
Tampa Pirates batting - Pitching for Daytona Beach Islanders : RHP Michael Moore
|
Batting: RHB Erwin Bryant
|
0-0: Ball 1-0: Ball 2-0: Ball 3-0: Called Strike 3-1: Foul Ball, location: 2F 3-2: Base on Balls
|
Batting: RHB Steven Young
|
0-0: Ball 1-0: Bunt missed! 1-1: Bunted foul 1-2: Fly out, F8 (Flyball, 89D, EV 91.9 MPH) Runner from 1st tags up, SAFE at 2nd
|
Batting: RHB Roy Dixon
|
0-0: Ball 1-0: Called Strike 1-1: Foul Ball, location: 2F 1-2: Ball 2-2: Strikes out swinging
|
Batting: SHB Craig Smajstrla
|
0-0: Ball 1-0: Foul Ball, location: 2F 1-1: Ball 2-1: Fly out, F9 (Flyball, 9D, EV 100.6 MPH)
|
Bottom of the 7th over - 0 runs, 0 hits, 0 errors, 1 left on base; Daytona Beach 2 - Tampa 2 |
TOP OF THE 8TH |
Daytona Beach Islanders batting - Pitching for Tampa Pirates : RHP Andre Patillo
|
Batting: RHB Jeffrey Coker
|
0-0: Called Strike 0-1: Ball 1-1: Foul Ball, location: 2F 1-2: Ball 2-2: Foul Ball, location: 2F 2-2: SINGLE (Groundball, 5D, EV 103.8 MPH)
|
Batting: RHB Robert Whitfield
|
0-0: Sac Bunt to 2R - play at first, batter OUT! 2-3 Jeffrey Coker to second
|
Batting: RHB Dale Jones
|
0-0: Called Strike 0-1: Swinging Strike 0-2: SINGLE (Line Drive, 6D, EV 95.0 MPH) Jeffrey Coker to third Runner from 3rd tries for Home, SAFE, throw by CF to home
|
Batting: SHB Michael Frierson
|
0-0: Fly out, F7 (Flyball, 78S, EV 86.3 MPH)
|
Batting: RHB Kalvin Adams
|
0-0: Ball 1-0: Fly out, F4 (Popup, 4S, EV 81.3 MPH)
|
Top of the 8th over - 1 run, 2 hits, 0 errors, 1 left on base; Daytona Beach 3 - Tampa 2 |
BOTTOM OF THE 8TH |
Tampa Pirates batting - Pitching for Daytona Beach Islanders : RHP Michael Moore
|
Batting: LHB David Frederick
|
0-0: Foul Ball, location: 2F 0-1: Ball 1-1: Ball 2-1: Foul Ball, location: 2F 2-2: Fly out, F6 (Popup, 6S, EV 83.1 MPH)
|
Pitching: RHP Nelson Munoz
|
|
Batting: LHB Pedro Nunez
|
0-0: Ball 1-0: Ball 2-0: Ball 3-0: Called Strike 3-1: Base on Balls
|
Batting: RHB Gregory Norman
|
0-0: Ball 1-0: Ball 2-0: Foul Ball, location: 2F 2-1: Grounds into double play, 6-4-3 (Groundball, 6, EV 84.4 MPH)
|
Bottom of the 8th over - 0 runs, 0 hits, 0 errors, 0 left on base; Daytona Beach 3 - Tampa 2 |
TOP OF THE 9TH |
Daytona Beach Islanders batting - Pitching for Tampa Pirates : RHP Andre Patillo
|
Pitching: LHP Christopher Lombardo
|
|
Batting: LHB Benny Distefano
|
0-0: Ball 1-0: Called Strike 1-1: Swinging Strike 1-2: Fly out, F8 (Flyball, 78M, EV 88.8 MPH)
|
Batting: RHB Douglas Wabeke
|
0-0: Foul Ball, location: 2F 0-1: Called Strike 0-2: Ground out 1-3 (Groundball, 13S, EV 66.9 MPH)
|
Batting: RHB Jeff Rutledge
|
0-0: Ball 1-0: Ground out 6-3 (Groundball, 6MD, EV 88.8 MPH)
|
Top of the 9th over - 0 runs, 0 hits, 0 errors, 0 left on base; Daytona Beach 3 - Tampa 2 |
BOTTOM OF THE 9TH |
Tampa Pirates batting - Pitching for Daytona Beach Islanders : RHP Nelson Munoz
|
Batting: LHB Alfredo Rodriguez
|
0-0: Ground out U3 (Groundball, 3L, EV 80.6 MPH)
|
Batting: RHB Dale Eiler
|
0-0: Ball 1-0: Ball 2-0: Ball 3-0: Foul Ball, location: 2F 3-1: Foul Ball, location: 2F 3-2: Ground out 6-3 (Groundball, P, EV 91.9 MPH)
|
Batting: RHB Erwin Bryant
|
0-0: Called Strike 0-1: SINGLE (Line Drive, 78S, EV 103.1 MPH)
|
Pinch Hitting: RHB Jason Porter
|
0-0: Ball 1-0: Swinging Strike 1-1: Swinging Strike 1-2: Ball 2-2: Foul Ball, location: 2F 2-2: Foul Ball, location: 2F 2-2: Reached on error, E6 (Groundball, 6, EV 104.4 MPH) Erwin Bryant to second
|
Batting: RHB Roy Dixon
|
0-0: Called Strike 0-1: Ball 1-1: Swinging Strike 1-2: Ball 2-2: Foul Ball, location: 2F 2-2: Ball 3-2: Foul Ball, location: 2F 3-2: Base on Balls Erwin Bryant to third Jason Porter to second
|
Pitching: RHP Michael Rostas
|
|
Batting: SHB Craig Smajstrla
|
0-0: Foul Ball, location: 2F 0-1: Ball 1-1: Ball 2-1: Ball 3-1: Called Strike 3-2: Base on Balls Erwin Bryant scores Jason Porter to third Roy Dixon to second
|
Batting: LHB David Frederick
|
0-0: Called Strike 0-1: Ball 1-1: Ball 2-1: Fly out, F7 (Flyball, 7S, EV 80.0 MPH)
|
Bottom of the 9th over - 1 run, 1 hit, 1 error, 3 left on base; Daytona Beach 3 - Tampa 3 |
TOP OF THE 10TH |
Daytona Beach Islanders batting - Pitching for Tampa Pirates : LHP Christopher Lombardo
|
Now in CF: Jason Porter
|
|
Batting: RHB Ronald Lindberg
|
0-0: Ball 1-0: Fly out, F4 (Popup, 4S, EV 85.6 MPH)
|
Batting: RHB Jeffrey Coker
|
0-0: Ball 1-0: Ball 2-0: Fly out, F4 (Popup, 3S, EV 75.6 MPH)
|
Pinch Hitting: RHB Columbus Duncan
|
0-0: Ball 1-0: Foul Ball, location: 2F 1-1: Ball 2-1: Foul Ball, location: 2F 2-2: SOLO HOME RUN (Flyball, 7LD, EV 89.4 MPH), Distance : 358 ft
|
Batting: RHB Dale Jones
|
0-0: Called Strike 0-1: Called Strike 0-2: Foul Ball, location: 2F 0-2: Ball 1-2: Ball 2-2: Foul Ball, location: 2F 2-2: Ball 3-2: Base on Balls
|
Batting: SHB Michael Frierson
|
0-0: Ball 1-0: Called Strike 1-1: Called Strike 1-2: Ball 2-2: Foul Ball, location: 2F 2-2: Ball 3-2: Base on Balls Dale Jones to second
|
Batting: RHB Kalvin Adams
|
0-0: Ball 1-0: Called Strike 1-1: Swinging Strike 1-2: Ground out 4-3 (Groundball, 4, EV 99.4 MPH)
|
Top of the 10th over - 1 run, 1 hit, 0 errors, 2 left on base; Daytona Beach 4 - Tampa 3 |
BOTTOM OF THE 10TH |
Tampa Pirates batting - Pitching for Daytona Beach Islanders : RHP Michael Rostas
|
Now at 2B: Francisco Gonzalez
|
|
Batting: LHB Pedro Nunez
|
0-0: SINGLE (Line Drive, 5D, EV 105.6 MPH)
|
Batting: RHB Gregory Norman
|
0-0: Grounds into double play, 6-4-3 (Groundball, 56S, EV 86.3 MPH)
|
Batting: LHB Alfredo Rodriguez
|
0-0: Ground out 4-3 (Groundball, 34S, EV 81.9 MPH)
|
Bottom of the 10th over - 0 runs, 1 hit, 0 errors, 0 left on base; Daytona Beach 4 - Tampa 3 |
|